 Dungeon Crawl Stone Soup version 0.27.1-35-g4d5d836560 (webtiles) character file.

Game seed: 2960325331086306077

48 Delamore the Sneak (level 3, 0/24 HPs)
             Began as an Octopode Brigand on Feb 24, 2022.
             Slain by a giant cockroach (1 damage)
             ... on level 2 of the Dungeon.
             The game lasted 00:01:17 (1090 turns).

Delamore the Sneak (Octopode Brigand)               Turns: 1090, Time: 00:01:17

Health: 0/24       AC:  1    Str: 10    XL:     3   Next: 72%
Magic:  3/3        EV: 12    Int: 13    God:
Gold:   40         SH:  0    Dex: 14    Spells: 2/2 levels left

rFire    . . .     SeeInvis .   a - +2 dagger
rCold    . . .     Faith    .   (no shield)
rNeg     . . .     Spirit   .   (helmet restricted)
rPois    .         Reflect  .   (no amulet)
rElec    .         Harm     .   h - ring of flight
rCorr    .         Rampage  .   (no ring)
Will     .....                  (no ring)
Stlth    ++++......             (no ring)
HPRegen  0.08/turn              (no ring)
MPRegen  0.08/turn              (no ring)
                                (no ring)
                                (no ring)

@: flying
A: almost no armour, amphibious, 8 rings, camouflage 1, gelatinous body 1,
(nimble swimmer 1), tentacles
a: no special abilities


You were on level 2 of the Dungeon.
You visited 1 branch of the dungeon, and saw 2 of its levels.

You collected 73 gold pieces.
You spent 33 gold pieces at shops.

Inventory:

Hand Weapons
 a - a +2 dagger (weapon)
Missiles
 b - 8 poisoned darts (quivered)
 c - 2 curare-tipped darts
Jewellery
 h - a ring of flight (left tentacle)
Scrolls
 d - a scroll of noise {unknown}
 f - a scroll of identify {unknown}
 g - a scroll of vulnerability {unknown}
Potions
 e - a potion of heal wounds {unknown}
 i - a potion of magic {unknown}
 j - a potion of curing


   Skills:
 - Level 2.0 Fighting
 + Level 2.7 Short Blades
 - Level 2.0 Throwing
 - Level 1.0 Dodging
 * Level 6.7 Stealth


You had 2 spell levels left.
You didn't know any spells.
Your spell library was empty.

Dungeon Overview and Level Annotations

Branches:
Dungeon (2/15)

Altars:

Shops:
D:2 :![


Innate Abilities, Weirdness & Mutations

You cannot wear most types of armour.
You are amphibious.
You can wear up to eight rings at the same time.
Your skin changes colour to match your surroundings (Stealth+).
Your rubbery body absorbs attacks. (AC +1, EV +1)
((You are camouflaged near water. (Stealth+)))
You have tentacles for arms and can constrict up to eight enemies at once.


Message History

The kobold hits you with a +0 dagger.
You completely miss the kobold. Your grab misses the kobold.
The kobold barely misses you.
You hit the kobold.
You kill the kobold!
No target in view!
No target in view!
No target in view!
No target in view!
No target in view!
No target in view!
No target in view!
No target in view!
No target in view!
HP restored.
Things that are here:
a +0 dagger; 3 stones; a kobold corpse
There is a stone staircase leading up here.
A gnoll comes into view. It is wielding a +0 halberd.
A gnoll is nearby!
A gnoll comes into view. It is wielding a +0 halberd.
A gnoll comes into view. It is wielding a +0 flail.
A giant cockroach and an orc come into view.
The gnoll shouts! x2; You hear a shout!
The orc shouts!
A gnoll comes into view. It is wielding a +0 flail.
The gnoll hits you with a +0 halberd! The gnoll closely misses you.
The gnoll shouts!
You hit the gnoll but do no damage. You grab the gnoll.
You constrict the gnoll, but do no damage.
The gnoll hits you with a +0 halberd!
* * * LOW HITPOINT WARNING * * *
The gnoll misses you.
You are too injured to fight recklessly!
You are too injured to fight recklessly!
You release your grip on the gnoll.
The gnoll closely misses you. The giant cockroach bites you.
* * * LOW HITPOINT WARNING * * *
There is a stone staircase leading up here.
The giant cockroach bites you.
You die...

###.∩##### #.#'# #.....#
##.##.## #.+∩+ #.....#
#.#.#.#####'# #.....# #..###.#
##'# # #..o..# ###.#.####...
#.#..... ####.####.... #......
##.##.###.....
###...#o#########...#.##....[.
.......gggg.B@.........+......
###...#.#########...#.##......
#...... ####.##.###.....
#.###.## #.......# ##.... #
#.# #.####### ##... #.# #.#
##+# ..# #.# #.# .## #.# #.#
#.# ##.#


You could see 4 gnolls, an orc and a giant cockroach.

Vanquished Creatures
  A worm (D:2)
  2 dart slugs (D:1)
  2 bats (D:1)
  5 endoplasms (D:1)
  2 giant cockroaches (D:1)
  4 goblins (D:1)
  3 hobgoblins (D:1)
  4 jackals (D:1)
  2 quokkas (D:1)
  4 ball pythons (D:1)
  A frilled lizard (D:1)
  2 kobolds
  4 rats
36 creatures vanquished.

Notes
Turn   | Place    | Note
-------+----------+-------------------------------------------
     0 | D:1      | Delamore the Octopode Brigand began the quest for the Orb.
     0 | D:1      | Reached XP level 1. HP: 14/14 MP: 1/1
    84 | D:1      | Reached XP level 2. HP: 19/19 MP: 2/2
   197 | D:1      | Reached skill level 6 in Stealth
   318 | D:1      | Reached XP level 3. HP: 24/24 MP: 3/3
   914 | D:2      | Found Vygos's Book Shop.
   939 | D:2      | Found Oris's Armour Boutique.
   962 | D:2      | Found Ulasmuge's Distillery.
   965 | D:2      | Bought a potion of curing for 33 gold pieces
  1086 | D:2      | HP: 1/24 [giant cockroach (2)]
  1090 | D:2      | Slain by a giant cockroach

Illustrated notes

Levels and vault maps discovered:
D:1:      minmay_arrival_plants_in_alcoves, layout_loops_ring,
          minmay_misc_feat_ornament, minmay_tetromino_i4
D:2:      layout_loops_corners, serial_shops, shop_statue, shop,
          nicolae_shop_trees, nicolae_shop_behind_doors, nicolae_lakefront_shop

Skill      XL: |  1  2 |
---------------+-------+-----
Stealth        | 6 |  6.7
Fighting       | |  2.0
Short Blades   | |  2.7
Throwing       | |  2.0
Dodging        | |  1.0

Action                   || total
-------------------------++-------
Melee: Dagger            ||    52
       Tentacles         ||     5
       Constrict         ||    10
 Stab: Sleeping          ||    19
       Distracted        ||     1
Armor: Skin              ||     1
Dodge: Dodged            ||    21
